cohdb
Replays
Latest Replays
All Replays
Popular Replays
Top Player Replays
Match Explorer
How It Works
Community
CoH3 Stats
Reddit
Sign in to upload your games and track your stats! →
Sign in with Steam
Match 35214031
Unlisted
Match 35214031
Overview
Messages
Build Orders
End
Scout Squad
Scout Squad
Selects Airborne Battlegroup
Scout Squad
Selects Pathfinders
Construct Weapon Support Center
M1919 Machine Gun Team
M1919 Machine Gun Team
Infantry Support Center
Selects Paratrooper Squad Paradrop
M3 Armored Personnel Carrier
M3 Armored Personnel Carrier
Engineer Squad
ZoroArk.Choi
Goodvyn
0
0
Comments
sign in to comment!
No comments posted yet!